 Dungeon Crawl Stone Soup version 0.31.0-12-g77e489cdc1 (webtiles) character file.

Game seed: 10165053352235848418

5565 Okkudo the Cleaver (level 10, -4/90 HPs)
             Began as a Hill Orc Monk on Jan 26, 2024.
             Was an Elder of Beogh.
             Succumbed to orange demon's concentrated venom
             ... on level 8 of the Dungeon on Feb 13, 2024.
             The game lasted 00:34:13 (7023 turns).

Okkudo the Cleaver (Hill Orc Monk)                  Turns: 7023, Time: 00:34:13

Health: -4/90      AC: 14    Str: 19    XL:     10   Next: 72%
Magic:  10/10      EV:  9    Int: 16    God:    Beogh [****..]
Gold:   121        SH:  0    Dex: 13    Spells: 9/9 levels left

rFire   + . .        s - +6 war axe of Slow Death {holy, *Corrode ^Drain rElec SInv}
rCold   + . .        d - orb {light}
rNeg    . . .        o - +0 chain mail
rPois   +            z - +0 helmet
rElec   +            (no cloak)
rCorr   +            v - +0 pair of gloves
SInv    +            (no boots)
Will    .....        e - amulet of regeneration Stlth
                     n - +6 ring of intelligence
HPRegen 1.15/turn    (no ring)
MPRegen 0.12/turn

%: corrode self (3%)
@: lethally poisoned (-4 -> -19), resistant, slowed, glowing, very slow
A: no striking features
a: Renounce Religion, Smiting, Recall Orcish Followers


You were on level 8 of the Dungeon.
You worshipped Beogh.
Beogh was greatly pleased with you.
You visited 1 branch of the dungeon, and saw 8 of its levels.

You collected 396 gold pieces.
You spent 275 gold pieces at shops.

Inventory:

Hand Weapons
 r - a +0 halberd
 s - the +6 war axe of Slow Death (weapon) {holy, *Corrode ^Drain rElec SInv}
   (You bought it in a shop on level 8 of the Dungeon)

   rElec:     It insulates you from electricity.
   SInv:      It lets you see invisible.
   *Corrode:  It may corrode you when you take damage.
   ^Drain:    It drains your maximum health when unequipped.
 t - a +0 war axe
 B - a +0 orcbow
 I - a +1 trident of pain
Missiles
 G - 8 poisoned darts (quivered)
Armour
 d - an orb of light (worn)
 o - a +0 chain mail (worn)
 v - a +0 pair of gloves (worn)
 y - a scarf of invisibility
 z - a +0 helmet (worn)
Jewellery
 e - an amulet of regeneration (around neck)
 n - a +6 ring of intelligence (left hand)
 D - a +4 ring of protection
Wands
 m - a wand of charming (10)
Scrolls
 a - a scroll of poison
 b - 2 scrolls of immolation
 k - a scroll of torment
 l - 2 scrolls of fog
 p - a scroll of revelation
 u - a scroll of enchant armour
 x - 2 scrolls of noise
 E - a scroll of fear
 F - a scroll of amnesia {unknown}
 H - a scroll of vulnerability {unknown}
 J - a scroll of silence {unknown}
Potions
 c - a potion of ambrosia
 f - 2 potions of enlightenment {unknown}
 g - 2 potions of resistance
 h - a potion of mutation {unknown}
 i - a potion of brilliance {unknown}
 q - 3 potions of lignification {unknown}
 w - 2 potions of degeneration {unknown}
 A - 2 potions of haste {unknown}
 C - a potion of magic {unknown}


   Skills:
 + Level 8.8 Fighting
 + Level 14.5 Axes
 + Level 9.8 Armour
 - Level 2.4 Dodging
 + Level 0.5 Stealth


You had 9 spell levels left.
You didn't know any spells.
Your spell library contained the following spells:

 Spells                   Type           Power      Damage    Failure   Level
 Apportation              Tloc           0%         N/A       83%         1
 Magic Dart               Conj           0%         1d3       83%         1
 Blink                    Tloc           0%         N/A       92%         2
 Call Imp                 Summ           0%         N/A       92%         2
 Jinxbite                 Hex            0%         N/A       92%         2
 Static Discharge         Conj/Air       0%         3-3/arc   92%         2
 Airstrike                Air            0%         2d(0-16)  100%        4
 Summon Lightning Spire   Summ/Air       0%         N/A       100%        4
 Alistair's Intoxication  Alch           0%         N/A       100%        5
 Iskenderun's Battlesphe  Conj           0%         2d6       100%        5
 Bombard                  Conj/Erth      0%         9d1       100%        6
 Spellforged Servitor     Conj/Summ      0%         N/A       100%        7


Dungeon Overview and Level Annotations

Branches:
Dungeon (8/15)             Temple (0/1) D:5
   Lair: D:8-11

Altars:
Dithmenos
Hepliaklqana
Kikubaaqudgha
Nemelex Xobeh
Okawaru
Sif Muna
Wu Jian
Xom
Yredelemnul
Zin

Shops:
D:6 (   D:8 (

Annotations:
D:4 Crazy Yiuf


Message History

Your orc priest invokes the aid of Beogh against Amaemon.
Amaemon is smitten.
You slash Amaemon!
Amaemon convulses!!
Amaemon is almost dead.
You feel extremely sick.
Amaemon hits you with a -1 demon whip of venom!
You are more poisoned.
Amaemon claws you!
Amaemon tail-slaps you but does no damage.
You hit Amaemon.
Amaemon convulses.
Amaemon is almost dead.
You feel very sick.
Amaemon says, "Need some antivenom?
Don't worry, you can trust me."
Amaemon mumbles some strange words.
You barely miss Amaemon.
Amaemon is almost dead.
You feel very sick.
Your orc priest miscasts a cantrip.
You hit Amaemon.
You kill Amaemon!
Beogh accepts your kill.
The scorpion disappears in a puff of smoke!
Your orc priest looks more experienced.
You feel very sick. The orange demon stings you from afar!
You are lethally poisoned!
You have difficulty breathing.
* * * LOW HITPOINT WARNING * * *
You feel yourself slow down.
Blink to where?
Press: ? - help, Dir - move target
As you read the scroll of blinking, it crumbles to dust.
* * * LOW HITPOINT WARNING * * *
You feel extremely sick.
Okay, then.
It was a potion of resistance.
You feel protected.
* * * LOW HITPOINT WARNING * * *
You feel extremely sick.
You die...

#### ### #... #.. ...#
#.# #..# #.####..####
##.##.......#
##.@##.#..##.#
##...##.#))##.###.#
#.#.#..........)......#+#
#...........#####.#####.#
###.###.##### #..####.#
.. #.# #...†..∩. ## #.#
#.#####.# ##'## #.# ###.#
#...# #.# ##'#


There were no monsters in sight!

Vanquished Creatures
  Amaemon (D:8)
  The ghost of pigah the Mimic, a novice OpSh of Gozag (D:8)
  Joseph (D:7)
  Prince Ribbit (D:8)
  Sigmund (D:6)
  6 yaks (D:8)
  Menkaure (D:5)
  Duvessa (D:7)
  2 water moccasins (D:5)
  A sky beast (D:7)
  A black bear (D:8)
  An ice beast (D:6)
  3 ogres
  A phantom (D:5)
  5 centaurs
  A bullfrog (D:7)
  2 kobold brigands (D:7)
  A scorpion (D:5)
  2 gnoll sergeants
  3 wights (D:8)
  Dowan (D:7)
  3 killer bees (D:8)
  3 hounds
  2 jellies
  3 bombardier beetles
  2 gnoll boudas (D:7)
  An orc priest (D:8)
  2 iguanas
  4 sleepcaps
  5 orc wizards
  24 gnolls
  2 adders (D:4)
  A shadow imp (D:5)
  3 dart slugs
  A ribbon worm (D:3)
  6 orcs
  4 ball pythons
  7 endoplasms
  3 giant cockroaches
  6 goblins
  11 hobgoblins
  2 jackals (D:5)
  6 quokkas
  6 bats
  3 frilled lizards
  13 kobolds
  4 rats
164 creatures vanquished.

Vanquished Creatures (collateral kills)
  A centaur (D:8)
  2 wights (D:8)
  A killer bee (D:8)
  3 orc wizards
  A gnoll (D:7)
  2 orcs (D:7)
10 creatures vanquished.

Vanquished Creatures (others)
  An orc warrior (D:8)
  2 orc wizards
  11 orcs
14 creatures vanquished.

Grand Total: 188 creatures vanquished

Notes
Turn   | Place    | Note
-------+----------+-------------------------------------------
     0 | D:1      | Okkudo the Hill Orc Monk began the quest for the Orb.
     0 | D:1      | Reached XP level 1. HP: 19/19 MP: 1/1
    93 | D:1      | Reached XP level 2. HP: 26/26 MP: 2/2
   350 | D:1      | Reached skill level 5 in Axes
   472 | D:1      | Reached XP level 3. HP: 31/31 MP: 3/3
   952 | D:2      | Reached skill level 1 in Armour
  1144 | D:3      | Noticed an angel
  1271 | D:3      | Found a shimmering altar of Xom.
  1271 | D:3      | Found a glowing silver altar of Zin.
  1319 | D:3      | Reached XP level 4. HP: 39/39 MP: 4/4
  1654 | D:3      | Found a sparkling altar of Nemelex Xobeh.
  1876 | D:2      | Reached skill level 6 in Axes
  2124 | D:2      | Found a faded altar of an unknown god.
  2402 | D:3      | Found a runed translucent door.
  2403 | D:3      | Noticed Crazy Yiuf
  2512 | D:4      | Reached XP level 5. HP: 37/45 MP: 5/5
  2557 | D:4      | Noticed an orc warrior
  2559 | D:4      | Became a worshipper of Beogh the Brigand
  2559 | D:4      | Reached * piety under Beogh
  2559 | D:4      | Reached ** piety under Beogh
  2691 | D:4      | Found an ancient bone altar of Kikubaaqudgha.
  2833 | D:4      | Found an ornate altar of the Wu Jian Council.
  2906 | D:4      | Reached XP level 6. HP: 51/51 MP: 6/6
  2989 | D:4      | Reached skill level 7 in Axes
  3112 | D:4      | Found a faded altar of an unknown god.
  3112 | D:4      | Found a hazy altar of Hepliaklqana.
  3114 | D:4      | Found a faded altar of an unknown god.
  3223 | D:4      | Found a shimmering blue altar of Sif Muna.
  3289 | D:5      | Entered Level 5 of the Dungeon
  3344 | D:5      | Found a staircase to the Ecumenical Temple.
  3433 | D:5      | Reached XP level 7. HP: 21/59 MP: 7/7
  3506 | D:5      | Reached skill level 8 in Axes
  3506 | D:5      | Reached skill level 5 in Armour
  3621 | D:5      | Identified the +2 robe "Circh" {Will+ Archmagi}
  3811 | D:5      | Reached skill level 5 in Fighting
  3811 | D:5      | Reached skill level 9 in Axes
  3811 | D:5      | Reached XP level 8. HP: 50/68 MP: 8/8
  4017 | D:5      | Noticed Menkaure
  4025 | D:5      | Killed Menkaure
  4639 | D:6      | Reached skill level 10 in Axes
  4774 | D:6      | Noticed Sigmund
  4920 | D:6      | Killed Sigmund
  4999 | D:6      | Found Viopnih's Antique Weapon Shop.
  5004 | D:6      | Bought a war axe for 80 gold pieces
  5092 | D:6      | Reached XP level 9. HP: 75/75 MP: 9/9
  5150 | D:6      | Reached *** piety under Beogh
  5153 | D:6      | Reached skill level 11 in Axes
  5418 | D:7      | Found a basalt altar of Yredelemnul.
  5635 | D:7      | Noticed Duvessa
  5636 | D:7      | Noticed Dowan
  5648 | D:7      | Killed Duvessa
  5655 | D:7      | Killed Dowan
  5731 | D:7      | Noticed Joseph
  5866 | D:7      | Killed Joseph
  5867 | D:7      | Reached skill level 12 in Axes
  6180 | D:7      | Reached **** piety under Beogh
  6237 | D:8      | Found a shadowy altar of Dithmenos.
  6459 | D:8      | Found a transporter.
  6460 | D:8      | Noticed pigah's ghost (novice OpSh)
  6470 | D:8      | Reached skill level 13 in Axes
  6470 | D:8      | Reached XP level 10. HP: 86/86 MP: 10/10
  6473 | D:8      | Found a transporter.
  6489 | D:8      | Killed pigah's ghost
  6558 | D:8      | Reached skill level 14 in Axes
  6734 | D:8      | Noticed an orange demon
  6734 | D:8      | Noticed Amaemon
  6827 | D:8      | Upgraded the game from 0.31.0-10-gcf4a605ca0 to
                  | 0.31.0-12-g77e489cdc1
  6936 | D:8      | Noticed Prince Ribbit
  6943 | D:8      | Killed Prince Ribbit
  6944 | D:8      | Found an iron altar of Okawaru.
  6974 | D:8      | Found Keifyrph's Antique Weapon Emporium.
  6979 | D:8      | Bought a crystal war axe for 195 gold pieces
  6979 | D:8      | Identified the +6 war axe of Slow Death {holy, *Corrode
                  | ^Drain rElec SInv} (You bought it in a shop on level 8 of
                  | the Dungeon)
  7020 | D:8      | Killed Amaemon
  7022 | D:8      | HP: 3/90 [poisoned by orange demon (concentrated venom)]
  7023 | D:8      | Succumbed to orange demon's concentrated venom

Illustrated notes

Levels and vault maps discovered:
D:1:      matt_arrival_spirals, layout_basic, amcnicky_mini_corridor_feature,
          hex_tiny
D:2:      layout_loops_ring, chequers_ecumenical_altar_twisty
D:3:      layout_basic, grunt_temple_overflow_order_and_chaos_1,
          mainiacjoe_overflow_concentric_impassable, uniq_crazy_yiuf_cottage
D:4:      layout_loops_ring, nicolae_hepliaklqana_ecumenical_no_more,
          general_overflow_altar, marbit_many_paths, mainiacjoe_overflow_paths,
          guppyfry_early_orc_mine
D:5:      layout_gridville, minmay_temple_entry_gardened_gates, uniq_menkaure
D:6:      layout_loops_ring, serial_shops, shop_statue, uniq_sigmund
D:7:      layout_rooms, yredelemnul_altar_generic,
          chequers_serial_rivers_micro_e, serial_library_hellmonk_hallway_a,
          serial_park_tiny_1, chequers_serial_rivers_small_b, corner_web_ring,
          uniq_joseph, uniq_duvessa
D:8:      layout_loops_corners, nicolae_dithmenos_the_darkroom,
          okawaru_metal_pillars_1_2, gammafunk_ghost_arena, serial_shops,
          nicolae_shop_hallway_plus, uniq_amaemon, uniq_prince_ribbit1

Skill      XL: |  1  2  3  4  5  6  7  8  9 10 |
---------------+-------------------------------+-----
Axes           | 5 6 7 9 10 13 14 | 14.5
Armour         | 1 3 4 6 7 8 9 |  9.8
Fighting       | 4 5 7 8 |  8.8
Dodging        | |  2.4
Stealth        | |  0.5

Action                     |  1- 3 |  4- 6 |  7- 9 | 10-12 || total
---------------------------+-------+-------+-------+-------++-------
  Melee: Hand axe          |   113 |   190 |   165 |       ||   468
         War axe           |       |       |   198 |    73 ||   271
 Invoke: Convert to Beogh  |       |     1 |       |       ||     1
    Use: Scroll            |       |     7 |     4 |     2 ||    13
         Potion            |       |       |       |     1 ||     1
 Armour: Robe              |    13 |       |       |       ||    13
         Leather armour    |    12 |       |       |       ||    12
         Chain mail        |   123 |   136 |   404 |    68 ||   731
         Ring mail         |     4 |       |       |       ||     4
  Dodge: Dodged            |    80 |    53 |   183 |    23 ||   339
